 Dungeon Crawl Stone Soup version 0.28.0-45-g0d030f2227 (webtiles) character file.

Game seed: 12594255878062853904

16 Descartes the Grasshopper (level 2, -3/13 HPs)
             Began as a Felid Warper on Apr 7, 2022.
             Was a Follower of Wu Jian.
             Slain by a worm (6 damage)
             ... on level 2 of the Dungeon.
             The game lasted 00:01:06 (1326 turns).

Descartes the Grasshopper (Felid Warper)            Turns: 1326, Time: 00:01:07

Health: -3/13      AC:  1    Str:  7    XL:     2   Next: 41%
Magic:  6/6        EV: 18    Int: 14    God:    Wu Jian [*.....]
Gold:   55         SH:  0    Dex: 15    Spells: 5/5 levels left
                                        Lives:  0   Deaths: 0

rFire   . . .      SeeInvis +     - Unarmed
rCold   . . .      Faith    .   (shield unavailable)
rNeg    . . .      Spirit   .   (armour unavailable)
rPois   .          Reflect  .   (helmet unavailable)
rElec   .          Harm     .   (cloak unavailable)
rCorr   .          Rampage  .   (gloves unavailable)
Will    .....                   (boots unavailable)
Stlth   ++........              (no amulet)
HPRegen 0.04/turn               (no ring)
MPRegen 0.10/turn               (no ring)

@: quick
A: very small, claws 1, fangs 3, see invisible, speed 1, shaggy fur 1, stealthy
paws, no weapons or thrown items, no armour, multi-lived
a: Renounce Religion


You were on level 2 of the Dungeon.
You worshipped Wu Jian.
Wu Jian was aware of your devotion.
You visited 1 branch of the dungeon, and saw 2 of its levels.

You collected 55 gold pieces.

Inventory:

Scrolls
 a - a scroll of blinking
 b - a scroll of fog {unknown}
 d - a scroll of amnesia {unknown}
Potions
 c - a potion of brilliance {unknown}
 e - a potion of curing {unknown}
 f - a potion of resistance {unknown}


   Skills:
 - Level 2.0 Fighting
 + Level 3.5 Dodging
 + Level 1.3 Stealth
 + Level 2.2 Unarmed Combat
 - Level 2.0 Spellcasting
 + Level 4.8 Translocations


You had 5 spell levels left.
You didn't know any spells.
Your spell library contained the following spells:

 Spells                   Type           Power      Damage    Failure   Level
 Blink                    Tloc           28%        N/A       4%          2
 Gell's Gravitas          Tloc           14%        N/A       10%         3
 Lesser Beckoning         Tloc           14%        N/A       10%         3
 Teleport Other           Tloc           14%        N/A       10%         3
 Manifold Assault         Tloc           14%        N/A       67%         5


Dungeon Overview and Level Annotations

Branches:
Dungeon (2/15)

Altars:
Wu Jian


Innate Abilities, Weirdness & Mutations

You have sharp claws.
You have razor-sharp teeth.
You have supernaturally acute eyesight. (SInv)
You cover ground quickly. (Speed+)
You are covered in fur. (AC +1)
Your paws help you pounce on unaware monsters.
You are incapable of wielding weapons or throwing items.
You cannot wear armour.
You gain extra lives every three experience levels.


Message History

No target in view!
No target in view!
No target in view!
No target in view!
No target in view!
No target in view!
No target in view!
No target in view!
Things that are here:
a +0 dagger; a goblin corpse You now have 38 gold pieces (gained 11).
You now have 55 gold pieces (gained 17).
You open the door.
There is an open door here.
A worm comes into view.
You scratch the worm.
The worm is lightly wounded.
The worm bites you!
Ouch! That really hurt!
* * * LOW HITPOINT WARNING * * *
You are too injured to fight recklessly!
You are too injured to fight recklessly!
You are too injured to fight recklessly!
You are too injured to fight recklessly!
You are too injured to fight recklessly!
You are too injured to fight recklessly!
You are too injured to fight recklessly!
You are too injured to fight recklessly!
You are too injured to fight recklessly!
You are too injured to fight recklessly!
You are too injured to fight recklessly!
You are too injured to fight recklessly!
You are too injured to fight recklessly!
You are too injured to fight recklessly!
You are too injured to fight recklessly!
You scratch the worm but do no damage. You scratch the worm.
The worm is lightly wounded.
The worm bites you.
You die...

##### ########
####..... #......#
#.........#
#......#####.........##
+.....$....'...........
#.........##.........#
#....w@...##.........#
#.........##.........##
#.........##.........##
###.......##.........##
##########.........##
#...#.###### #
#####.######
#.#...........
#.#...........


You could see a worm.

Vanquished Creatures
  4 endoplasms (D:1)
  A goblin (D:2)
  2 hobgoblins (D:1)
  4 quokkas
  2 ball pythons (D:1)
13 creatures vanquished.

Vanquished Creatures (others)
  A fungus (D:2)
  A plant (D:2)
2 creatures vanquished.

Grand Total: 15 creatures vanquished

Notes
Turn   | Place    | Note
-------+----------+-------------------------------------------
     0 | D:1      | Descartes the Felid Warper began the quest for the Orb.
     0 | D:1      | Reached XP level 1. HP: 9/9 MP: 4/4
   606 | D:1      | Reached skill level 1 in Stealth
   606 | D:1      | Reached XP level 2. HP: 8/13 MP: 6/6
  1114 | D:2      | Found a faded altar of an unknown god.
  1138 | D:2      | Prayed at the altar of an unknown god.
  1138 | D:2      | Became a worshipper of the Wu Jian Council
  1138 | D:2      | Reached * piety under Wu Jian
  1326 | D:2      | Slain by a worm

Illustrated notes

Levels and vault maps discovered:
D:1:      amcnicky_arrival_gap_in_the_tavern_cellar, layout_basic,
          serial_bayou_pond_a, chequers_serial_rivers_micro_a,
          minmay_misc_feat_ornament
D:2:      layout_basic, shapermc_ecumenical_altar_mp_ritualfount,
          minmay_quantized

Skill      XL: |  1 |
---------------+----+-----
Stealth        | 1 |  1.3
Fighting       | |  2.0
Dodging        | |  3.5
Unarmed Combat | |  2.2
Spellcasting   | |  2.0
Translocations | |  4.8

Action                   || total
-------------------------++-------
Melee: Unarmed           ||    45
       Bite              ||     7
       Punch             ||     1
Invok: Lunge             ||     1
 Stab: Sleeping          ||     3
Dodge: Dodged            ||    25
